 Dungeon Sprint DCSS version 0.16-a0-3781-g2316936 (webtiles) character file.

2501 BluebellGnoll the Spry (level 9, 0/45 HPs)
             Began as a Deep Elf Fire Elementalist on Jan 25, 2015.
             Was a High Priest of Vehumet.
             Slain by a spiny frog (12 damage)
             ... in the Dungeon (Sprint IX: "|||||||||||||||||||||||||||||").
             The game lasted 00:07:45 (956 turns).

BluebellGnoll the Spry (Deep Elf Fire Elementalist)  Turns: 956, Time: 00:07:45

Health: 0/45       AC:  4    Str:  5    XL:     9   Next: 28%
Magic:  24/32      EV: 29    Int: 24    God:    Vehumet [*****.]
Gold:   13         SH:  0    Dex: 18    Spells: 8 memorised, 12 levels left

rFire  . . .     SeeInvis .     p - +2 rapier (drain)
rCold  . . .     Clarity  .     a - +0 robe
rNeg   . . .     SustAb   .     (no shield)
rPois  .         Gourm    .     (no helmet)
rElec  .         Spirit   .     q - +0 cloak
rCorr  .         Warding  .     r - +0 pair of gloves
rMut   .         NoTele   +     (no boots)
MR     .....                    (no amulet)
Stlth  +++.......               t - +2 ring of evasion
                                s - +3 ring of dexterity

@: not resistant to hostile enchantments, fairly stealthy
A: no striking features
a: Renounce Religion


You were in the Dungeon.
You worshipped Vehumet.
Vehumet was extremely pleased with you.
You were not hungry.

You visited 1 branch You collected 13 gold pieces.

Inventory:

Hand weapons
 p - a +2 rapier of draining (weapon)
 u - the cursed +1 rapier "Keilyss" {speed, rElec MR+ MP+9 Str+6 Int-4 Dex+2}
   (You found it in the Dungeon)

   Attacks with this weapon are significantly faster.
   It affects your strength (+6).
   It affects your intelligence (-4).
   It affects your dexterity (+2).
   It insulates you from electricity.
   It affects your resistance to hostile enchantments.
   It affects your magic capacity (+9).
   It has a curse placed upon it.
Armour
 a - a +0 robe (worn)
 q - a +0 cloak (worn)
 r - a +0 pair of gloves (worn)
Magical staves
 o - an uncursed staff of energy
Jewellery
 s - a +3 ring of dexterity (left hand)
 t - a +2 ring of evasion (right hand)
Magical devices
 n - a wand of cold (3)
Scrolls
 i - 2 scrolls of blinking
 l - 3 scrolls of remove curse
 m - 2 scrolls of amnesia
 v - 2 scrolls of enchant weapon
 w - 2 scrolls of enchant armour
 x - a scroll of fear
 y - 2 scrolls of fog
Potions
 d - 5 potions of curing
 e - 8 potions of heal wounds
 f - a potion of invisibility
 g - 4 potions of magic
 h - a potion of berserk rage
 k - a potion of haste
Books
 b - a book of Flames

   Spells                             Type                      Level
   a - Flame Tongue                   Conjuration/Fire             1
   b - Throw Flame                    Conjuration/Fire             2
   c - Conjure Flame                  Conjuration/Fire             3
   d - Inner Flame                    Hexes/Fire                   3
   e - Sticky Flame                   Conjuration/Fire             4
   f - Fireball                       Conjuration/Fire             5
Comestibles
 c - a bread ration
 j - 7 chunks of flesh


   Skills:
 * Level 4.5 Short Blades
 - Level 17.7 Dodging
 * Level 6.3 Stealth
 - Level 13.7 Spellcasting
 - Level 7.6 Conjurations
 - Level 3.2 Fire Magic


You had 12 spell levels left.
You knew the following spells:

 Your Spells              Type           Power        Failure   Level  Hunger
a - Flame Tongue          Conj/Fire      #####        1%          1    None
b - Throw Flame           Conj/Fire      #####.       1%          2    None
c - Conjure Flame         Conj/Fire      #####...     1%          3    None
d - Inner Flame           Hex/Fire       ###.....     1%          3    None
e - Sticky Flame          Conj/Fire      #####...     1%          4    None
f - Fireball              Conj/Fire      #####.....   4%          5    ###....
g - Shock                 Conj/Air       ####         1%          1    None
i - Iskenderun's Mystic   Conj           ######..     1%          4    None


Dungeon Overview and Level Annotations

Branches:
Dungeon (1/1)

Altars:
Cheibriados
Dithmenos
Elyvilon
Fedhas
Gozag
Kikubaaqudgha
Makhleb
Nemelex Xobeh
Okawaru
Qazlal
Ru
Sif Muna
Trog
Vehumet
Xom
Yredelemnul
Zin
The Shining One
Beogh
Jiyva
Lugonu


Message History

The porcupine is lightly wounded.
* * * LOW HITPOINT WARNING * * *
You feel sick.
The spiny frog burns!
The spiny frog misses you.
Casting: Flame Tongue
Confirm with . or Enter, or press ? or * to list all spells.
Aiming: Flame Tongue
Press: ? - help, Shift-Dir - straight line, f/p - spiny frog
Aim: a spiny frog (severely wounded, covered in liquid flames)
The flame tongue misses the spiny frog.
The flame tongue hits the porcupine.
The porcupine is almost dead.
* * * LOW HITPOINT WARNING * * *
You feel sick.
The spiny frog burns!
The spiny frog stings you!
* * * LOW HITPOINT WARNING * * *
The spiny frog completely misses you.
Unknown command.
Unknown command.
Drink which item? (? for menu, Esc to quit)
You feel better.
The spiny frog burns!
The spiny frog stops burning.
The spiny frog stings you!
You die...

▓▓▓▓▓▓▓▓▓▓▓▓▓▓▓▓▓▓▓▓▓▓▓▓▓▓▓▓▓▓▓▓▓
)...'_____________________'....)'
▓▓▓▓▓▓▓▓▓▓▓▓▓▓▓▓▓▓▓▓▓▓▓▓▓▓▓▓▓▓▓▓▓
.................................
▓▓▓▓▓▓▓▓▓▓▓▓▓▓▓▓▓▓▓▓▓▓▓▓▓▓▓▓▓▓▓▓▓
...†.††'HrF@.....'.....)....
▓▓▓▓▓▓▓▓▓▓▓▓▓▓▓▓▓▓▓▓▓▓▓▓▓▓▓▓


You could see a hippogriff, a spiny frog and a porcupine.

Vanquished Creatures
  A hill giant (D)
  A komodo dragon (D)
  A two-headed ogre (D)
  A yak (D)
  A wraith (D)
  A steam dragon (D)
  4 water moccasins (D)
  3 crocodiles (D)
  4 giant frogs (D)
  A killer bee (D)
  A hound (D)
  An iguana (D)
  2 worker ants (D)
  A river rat (D)
  An adder (D)
  An adder zombie (D)
  A giant gecko (D)
  An orc (D)
  A bat (D)
  A bat skeleton (D)
  A bat zombie (D)
  3 goblins (D)
  A hobgoblin (D)
  2 kobolds (D)
36 creatures vanquished.

Notes
Turn   | Place    | Note
--------------------------------------------------------------
     0 | D        | BluebellGnoll, the Deep Elf Fire Elementalist, began the quest for the Orb.
     0 | D        | Reached XP level 1. HP: 10/10 MP: 5/5
     6 | D        | Reached skill level 4 in Spellcasting
    10 | D        | Reached skill level 5 in Spellcasting
   214 | D        | Noticed a hound
   214 | D        | Noticed a worker ant
   218 | D        | Killed a worker ant
   218 | D        | Reached skill level 8 in Spellcasting
   218 | D        | Reached XP level 2. HP: 9/15 MP: 5/15
   218 | D        | Reached XP level 3. HP: 11/19 MP: 6/18
   221 | D        | Killed a hound
   221 | D        | Reached skill level 10 in Spellcasting
   232 | D        | Found a glowing silver altar of Zin.
   232 | D        | Found a glowing golden altar of the Shining One.
   232 | D        | Found an ancient bone altar of Kikubaaqudgha.
   232 | D        | Found a basalt altar of Yredelemnul.
   232 | D        | Found a shimmering altar of Xom.
   232 | D        | Found a radiant altar of Vehumet.
   232 | D        | Found an iron altar of Okawaru.
   233 | D        | Found a burning altar of Makhleb.
   234 | D        | Found a deep blue altar of Sif Muna.
   235 | D        | Found a bloodstained altar of Trog.
   236 | D        | Found a sparkling altar of Nemelex Xobeh.
   237 | D        | Found a white marble altar of Elyvilon.
   238 | D        | Found a roughly hewn altar of Beogh.
   239 | D        | Found a viscous altar of Jiyva.
   240 | D        | Became a worshipper of Vehumet
   241 | D        | Found a corrupted altar of Lugonu.
   242 | D        | Found a blossoming altar of Fedhas.
   243 | D        | Found a snail-covered altar of Cheibriados.
   244 | D        | Found a shadowy altar of Dithmenos.
   245 | D        | Found a stormy altar of Qazlal.
   246 | D        | Found an opulent altar of Gozag.
   247 | D        | Found a sacrificial altar of Ru.
   293 | D        | Learned a level 2 spell: Throw Flame
   297 | D        | Learned a level 3 spell: Conjure Flame
   301 | D        | Learned a level 3 spell: Inner Flame
   384 | D        | Noticed a two-headed ogre
   384 | D        | Noticed a worker ant
   388 | D        | Killed a worker ant
   388 | D        | Reached XP level 4. HP: 24/24 MP: 13/23
   388 | D        | Killed a two-headed ogre
   388 | D        | Reached skill level 13 in Spellcasting
   388 | D        | Reached XP level 5. HP: 28/28 MP: 14/27
   388 | D        | Reached XP level 6. HP: 32/32 MP: 15/29
   391 | D        | Acquired Vehumet's first power
   391 | D        | Offered knowledge of Shock by Vehumet.
   397 | D        | Learned a level 4 spell: Sticky Flame
   403 | D        | Learned a level 5 spell: Fireball
   405 | D        | Learned a level 1 spell: Shock
   410 | D        | Offered knowledge of Freeze by Vehumet.
   481 | D        | Noticed a yak
   481 | D        | Noticed a hill giant
   481 | D        | Noticed a steam dragon
   481 | D        | Noticed a wraith
   481 | D        | Noticed a killer bee
   481 | D        | Noticed a giant frog
   488 | D        | Killed a giant frog
   488 | D        | Killed a killer bee
   488 | D        | Reached skill level 5 in Dodging
   493 | D        | Killed a wraith
   493 | D        | Reached skill level 10 in Dodging
   493 | D        | Reached XP level 7. HP: 36/36 MP: 10/30
   500 | D        | Killed a steam dragon
   525 | D        | Killed a hill giant
   525 | D        | Acquired Vehumet's second power
   525 | D        | Reached skill level 14 in Dodging
   525 | D        | Reached XP level 8. HP: 9/41 MP: 2/31
   615 | D        | Killed a yak
   615 | D        | Offered knowledge of Static Discharge by Vehumet.
   615 | D        | Reached skill level 15 in Dodging
   843 | D        | Got the cursed +1 rapier "Keilyss" {speed, rElec MR+ MP+9 Str+6 Int-4 Dex+2}
   855 | D        | Noticed a giant frog
   855 | D        | Noticed a crocodile
   855 | D        | Noticed a komodo dragon
   855 | D        | Noticed a crocodile
   855 | D        | Noticed a crocodile
   860 | D        | Killed a crocodile
   860 | D        | Offered knowledge of Iskenderun's Mystic Blast by Vehumet.
   865 | D        | Killed a crocodile
   865 | D        | Reached skill level 16 in Dodging
   865 | D        | Acquired Vehumet's third power
   867 | D        | Killed a komodo dragon
   869 | D        | Killed a crocodile
   869 | D        | Reached skill level 17 in Dodging
   893 | D        | Noticed a water moccasin
   895 | D        | Noticed an iguana
   899 | D        | Killed a giant frog
   899 | D        | Killed a water moccasin
   899 | D        | Reached XP level 9. HP: 45/45 MP: 17/32
   903 | D        | Killed an iguana
   927 | D        | Learned a level 4 spell: Iskenderun's Mystic Blast
   942 | D        | Noticed a porcupine
   942 | D        | Noticed a water moccasin
   942 | D        | Noticed a water moccasin
   942 | D        | Noticed a water moccasin
   942 | D        | Noticed a giant frog
   942 | D        | Noticed a spiny frog
   942 | D        | Noticed a giant frog
   944 | D        | Noticed a hippogriff
   944 | D        | Killed a giant frog
   944 | D        | Offered knowledge of Venom Bolt by Vehumet.
   944 | D        | Reached skill level 1 in Short Blades
   946 | D        | Killed a giant frog
   946 | D        | Killed a water moccasin
   946 | D        | Killed a water moccasin
   946 | D        | Reached skill level 5 in Stealth
   946 | D        | Killed a water moccasin
   956 | D        | Slain by a spiny frog

Action                   |  1- 3 |  4- 6 |  7- 9 || total
-------------------------+-------+-------+-------++-------
Melee: Rapier            |       |       |     1 ||     1
 Cast: Flame Tongue      |    17 |    15 |    25 ||    57
       Inner Flame       |     1 |     2 |     2 ||     5
       Conjure Flame     |     1 |     1 |     4 ||     6
       Sticky Flame      |       |       |     6 ||     6
       Fireball          |       |       |     2 ||     2
       Throw Flame       |       |       |     2 ||     2
Evoke: Staff of energy   |       |       |     8 ||     8
       Wand              |       |       |     4 ||     4
  Use: Potion            |     1 |       |     2 ||     3
  Eat: Chunk             |       |       |     1 ||     1
